cohdb
Replays
Latest Replays
All Replays
Popular Replays
Top Player Replays
Match Explorer
How It Works
Community
CoH3 Stats
Reddit
Sign in to upload your games and track your stats! →
Sign in with Steam
Match 43534940
Unlisted
Match 43534940
Overview
Messages
Build Orders
End
Engineer Squad
Construct Barracks
1⁄4-ton 4x4 Truck
Selects Armored Battlegroup
Selects Veteran Crews
Riflemen Squad
Riflemen Squad
Construct Weapon Support Center
M1919 Machine Gun Team
M1919 Machine Gun Team
Selects Fast Deploy
Construct Medical Station
Infantry Support Center
Grenade Package
M1918 Browning Automatic Rifles
M3 Armored Personnel Carrier
Riflemen Squad
Selects M31 Recovery Vehicle
Selects War Machine
Construct Tank Depot
Riflemen Squad
Selects Seek and Destroy
M4(105) Sherman Bulldozer
M18 Hellcat Tank Destroyer
Selects UNKNOWN (2160077)
Captain Retinue
Engineer Squad
Onoyk
Bego
Rutherford B. Hayes
R4md4c
0
0
Comments
sign in to comment!
No comments posted yet!